 Dungeon Crawl Stone Soup version 0.31-a0-703-gcfe89afef6 (webtiles) character file.

Game seed: 230305735148383805

210 qw the Shooter (level 5, 0/33 HPs)
             Began as a Gargoyle Hunter on Sept 8, 2023.
             Slain by an orc
             ... wielding a +0 falchion
              (2 damage)
             ... on level 2 of the Dungeon.
             The game lasted 00:00:38 (1298 turns).

qw the Shooter (Gargoyle Hunter)                    Turns: 1298, Time: 00:00:39

Health: 0/33       AC:  7    Str: 14    XL:     5   Next: 88%
Magic:  5/5        EV: 11    Int: 10    God:
Gold:   40         SH:  0    Dex: 15    Spells: 4/4 levels left

rFire   . . .        Y - +0 shortbow
rCold   . . .        (shield currently unavailable)
rNeg    + . .        c - +0 leather armour
rPois   inf          (no helmet)
rElec   +            (no cloak)
rCorr   .            (no gloves)
SInv    .            (no boots)
Will    +....        (no amulet)
Stlth   ++           j - ring of willpower
HPRegen 0.25/turn    (no ring)
MPRegen 0.09/turn

%: no passive effects
@: no status effects
A: sickness immunity, AC +4, negative energy resistance 1, electricity
resistance, torment resistance 1, petrification resistance
a: no special abilities


You were on level 2 of the Dungeon.
You visited 1 branch of the dungeon, and saw 2 of its levels.

You collected 40 gold pieces.


Innate Abilities, Weirdness & Mutations

You are immune to sickness and miasma.
Your stone body is resilient. (AC +4)
You are immune to poison.
You resist negative energy. (rN+)
You are resistant to electric shocks. (rElec)
You are resistant to unholy torment.
You are immune to petrification.


   Skills:
 - Level 4.0 Fighting
 + Level 6.1 Ranged Weapons
 - Level 1.5 Dodging
 - Level 1.1 Stealth


You had 4 spell levels left.
You didn't know any spells.
Your spell library was empty.

Inventory:

Hand Weapons
 Y - a +0 shortbow (weapon)
Armour
 c - a +0 leather armour (worn)
Jewellery
 b - a ring of see invisible
 j - a ring of willpower (left hand)
Scrolls
 g - a scroll of immolation {unknown}
 i - a scroll of fog {unknown}
Potions
 a - a potion of ambrosia {unknown}
 d - a potion of curing {unknown}
 e - a potion of might {unknown}
 f - a potion of resistance {unknown}
 h - a potion of mutation {unknown}

Dungeon Overview and Level Annotations

Branches:
Dungeon (2/15)

Altars:


Message History

The orc hits you with a +0 falchion. The orc hits you but does no damage.
The orc priest hits you with a +0 flail.
You shoot an arrow.
The arrow hits the orc priest but does no damage.
The orc priest is moderately wounded.
The orc priest hits you with a +0 flail.
The orc hits you with a +0 falchion.
You shoot an arrow. The arrow hits the orc priest.
The orc priest is heavily wounded.
The orc priest casts a cantrip, but nothing happens.
The orc closely misses you.
You shoot an arrow. The arrow hits the orc priest.
The orc priest is severely wounded.
The orc priest hits you but does no damage.
The orc hits you with a +0 falchion.
You shoot an arrow. The arrow barely misses the orc priest.
The orc priest miscasts a cantrip.
The orc barely misses you.
You shoot an arrow. The arrow hits the orc priest.
The orc priest is almost dead.
The orc priest barely misses you. The orc hits you with a +0 falchion.
You shoot an arrow. The arrow barely misses the orc priest.
The orc priest hits you but does no damage.
The orc hits you but does no damage.
You shoot an arrow.
The arrow closely misses the orc priest.
The orc priest casts a cantrip, but nothing happens.
The orc hits you but does no damage.
You shoot an arrow. The arrow hits the orc priest!
You kill the orc priest!
The orc misses you. The orc closely misses you.
Your Fighting skill increases to level 4!
You shoot an arrow. The arrow hits the orc.
The orc is lightly wounded.
The orc hits you with a +0 falchion.
You shoot an arrow. The arrow closely misses the orc.
The orc barely misses you.
You shoot an arrow. The arrow closely misses the orc.
The orc hits you with a +0 falchion.
You die...

#.# . #.. .. #.# .#####
#.. ...... ### ###..8..)
# # #.##........ .$#.###
#.##.o...... .}#.... ###
#...@).).).. .$#.... ..#
#.##.#..8... #.### #%#
#.##.# ..... # #.##
#.##.# #### .#.## #.##.#
###.#########....#### #
##............<......#
###.#########.##.#####.#
.#.## #.##.#


You could see an orc.

Vanquished Creatures
  An orc priest (D:2)
  Jessica (D:2)
  Terence (D:2)
  Natasha (thrice) (D:2)
  A worm (D:2)
  A dart slug (D:2)
  3 orcs (D:2)
  2 ball pythons (D:1)
  4 bats
  2 endoplasms (D:2)
  6 giant cockroaches
  4 goblins
  2 hobgoblins
  7 jackals
  2 quokkas (D:1)
  3 kobolds
  3 rats (D:1)
46 creatures vanquished.

Notes
Turn   | Place    | Note
-------+----------+-------------------------------------------
     0 | D:1      | qw the Gargoyle Hunter began the quest for the Orb.
     0 | D:1      | Reached XP level 1. HP: 12/12 MP: 1/1
     0 | D:1      | 0 ||| qw: Version: 0.3-a-76-g4403597
     0 | D:1      | 0 ||| qw: Game counter: 1289
     0 | D:1      | 0 ||| qw: Melee chars always use a shield: true
     0 | D:1      | 0 ||| qw: God list: Okawaru
     0 | D:1      | 0 ||| qw: Allow faded altars: false
     0 | D:1      | 0 ||| qw: Do Orc after clearing Dungeon:15 true
     0 | D:1      | 0 ||| qw: Do second Lair branch before Depths: true
     0 | D:1      | 0 ||| qw: Lair rune preference: random
     0 | D:1      | 0 ||| qw: Goals: Normal
     0 | D:1      | 0 ||| PLANNING D:1-11
    85 | D:1      | Reached XP level 2. HP: 17/17 MP: 2/2
   520 | D:1      | Reached XP level 3. HP: 21/21 MP: 3/3
   675 | D:1      | Reached skill level 5 in Ranged Weapons
   723 | D:1      | 723 ||| UPGRADING to ring of willpower.
   724 | D:1      | 724 ||| READING scroll labelled ARIESH KAROZO.
   725 | D:1      | 725 ||| READING scroll labelled LUH LIFAURPHIRPH.
   726 | D:1      | 726 ||| READING scroll labelled ZAFISU HUMORGH.
   727 | D:1      | 727 ||| READING scroll labelled MUMISS DAAME.
   728 | D:1      | 728 ||| DROPPING scroll of butterflies.
   824 | D:2      | Noticed Natasha
   826 | D:2      | 826 ||| FLEEEEING.
   827 | D:2      | 827 ||| FLEEEEING.
   835 | D:2      | 835 ||| RETREATING.
   844 | D:2      | Killed Natasha
   845 | D:2      | Reached skill level 3 in Fighting
   845 | D:2      | Reached XP level 4. HP: 23/28 MP: 4/4
   933 | D:2      | Noticed Natasha
   946 | D:2      | Killed Natasha
   952 | D:2      | Noticed Natasha
   957 | D:2      | Killed Natasha
  1015 | D:2      | Noticed Jessica
  1018 | D:2      | 1018 ||| Stepping ~*~*~tactically~*~*~ (outnumbered).
  1025 | D:2      | Reached XP level 5. HP: 30/32 MP: 5/5
  1031 | D:2      | Killed Jessica
  1033 | D:2      | Noticed Terence
  1040 | D:2      | Killed Terence
  1041 | D:2      | Reached skill level 6 in Ranged Weapons
  1288 | D:2      | HP: 5/32 [orc priest/+0 flail (4)]
  1290 | D:2      | HP: 2/32 [orc/+0 falchion (3)]
  1296 | D:2      | HP: 2/33 [orc/+0 falchion (1)]
  1298 | D:2      | Slain by an orc

Levels and vault maps discovered:
D:1:      heliophobic_arrival_enchanted_forest, layout_basic
D:2:      cheibrodos_pilgrimage, layout_loops_ring, uniq_jessica, uniq_natasha,
          uniq_terence

Skill      XL: |  1  2  3  4  5 |
---------------+----------------+-----
Ranged Weapons | 5 6 |  6.1
Fighting       | 3 4 |  4.0
Dodging        | |  1.5
Stealth        | |  1.1

Action                     |  1- 3 |  4- 6 || total
---------------------------+-------+-------++-------
   Fire: Shortbow          |    78 |    69 ||   147
    Use: Scroll            |     4 |       ||     4
 Armour: Leather armour    |    27 |    33 ||    60
  Dodge: Dodged            |    56 |    19 ||    75

Table legend:
 A = Non-vault XP
 B = Vault XP
 C = Vault XP percentage of total XP
 D = Non-vault monster count
 E = Vault monster count
 F = Vault count percentage of total count
                 A         B        C        D         E       F
            +---------+---------+-------+---------+---------+-------
      Total |     141 |     160 |  53.2 |      39 |       7 |  15.2
            +---------+---------+-------+---------+---------+-------
        D:1 |      39 |       0 |   0.0 |      22 |       0 |   0.0
        D:2 |     102 |     160 |  61.1 |      17 |       7 |  29.2
            +---------+---------+-------+---------+---------+-------
